[Event "Late-Titled-Tuesday-Blitz-May-07-2024"]
[Site "Chess.com"]
[Date "2024.05.07"]
[Round "7"]
[White "GWR2024"]
[Black "Fore_Man"]
[Result "1-0"]
[WhiteElo "2177"]
[BlackElo "2276"]
[TimeControl "180+1"]
[EndTime "15:16:43 PDT"]
[Termination "GWR2024 won on time"]

1. e4 e6 2. d4 d5 3. Nd2 c5 4.
exd5 exd5 5. Ngf3 Nc6 6. Bb5 Bd6 7. O-O Ne7 8. dxc5 Bxc5 9. c3 O-O 10. Nb3 Bb6 11. Bd3 Bf5 12. h3 Bxd3 13. Qxd3 Qd7 14. Be3 Bc7 15. Nc5 Qc8 16. Rad1 b6 17. Nb3 Rd8 18. Nbd4 Qd7 19. Nxc6 Nxc6 20. Nd4 Qd6 21. g3 Ne5 22. Qe2 Nc4 23. Nb5 Qc6 24. Nxc7 Qxc7 25.
Bd4 f6 26. b3 Nd6 27. Qd3 Ne4 28. Kg2 Rac8 29. Rc1 Qb7 30. Rfd1 Rd7 31. h4 Rcd8 32. Qf3 Rd6 33. Rd3 Qf7 34. Rcd1 f5 35. Qf4 R6d7 36.
Rf3 g6 37. Qe5 Kf8 38. h5 Rd6 39. g4 Re6 40. Qf4 Ke7 41. gxf5 Kf8 42. hxg6 Ke7 43. f6+ Ke8 44. gxf7+ Kf8 45. Qf5 1-0

[Event "Late-Titled-Tuesday-Blitz-May-07-2024"]
[Site "Chess.com"]
[Date "2024.05.07"]
[Round "7"]
[White "Blackmind96"]
[Black "ReadySkate"]
[Result "1-0"]
[WhiteElo "2895"]
[BlackElo "2715"]
[TimeControl "180+1"]
[EndTime "15:16:45 PDT"]
[Termination "Blackmind96 won by resignation"]

1. d4 Nf6 2. c4 g6 3. Nc3 d5 4.
Nf3 Bg7 5. Bg5 Ne4 6. Bf4 Nxc3 7. bxc3 dxc4 8. e3 O-O 9. Bxc4 c5 10. O-O Nc6 11.
Rc1 Bf5 12. h3 Rc8 13. Qa4 cxd4 14. cxd4 a6 15. Qa3 Be4 16. Rfd1 Bxf3 17. gxf3 Qd7 18.
Kg2 Qf5 19. Bg3 e6 20. Bd3 Qh5 21. Rb1 Qa5 22. Bd6 Rfd8 23. Be4 Qg5+ 24. Bg3 Qa5 25. Qxa5 Nxa5 26. Bxb7 Rc2 27. Bxa6 Ra8 28. Bd3 Rxa2 29. Ra1 Nc6 30. Rxa2 Rxa2 31. Rc1 Ne7 32.
Rc7 Bf8 33. Be4 f5 34. Bd3 Nd5 35. Rc8 Nxe3+ 36. Kh2 Kf7 37. Rc7+ Kg8 38. Rc6 Nd5 39.
Rxe6 f4 40. Bh4 Kg7 41. Bc4 Ra5 42. Re5 Nb6 43. Rxa5 Nxc4 44. Ra7+ Kh6 45. Bf6 g5 46.
Rf7 Kg6 47. Rxf8 1-0

[Event "Late-Titled-Tuesday-Blitz-May-07-2024"]
[Site "Chess.com"]
[Date "2024.05.07"]
[Round "7"]
[White "CombativeWombat"]
[Black "hikaruchija"]
[Result "0-1"]
[WhiteElo "2336"]
[BlackElo "2513"]
[TimeControl "180+1"]
[EndTime "15:16:46 PDT"]
[Termination "hikaruchija won on time"]

1. e4 c5 2. Nf3 e6 3. d4 cxd4 4. Nxd4 a6 5. Be2 Nf6 6. Nc3 Qc7 7. O-O Nc6 8. Be3 b5 9. Nxc6 dxc6 10. f4 b4 11. Na4 c5 12. Bf3 Bb7 13. e5 Nd5 14. Bd2 Rd8 15. Qe1 Be7 16. c4 bxc3 17.
Nxc3 O-O 18. Rc1 Nb4 19. Ne4 Nd3 20. Qg3 Nxc1 21. Bxc1 Bxe4 22. Bxe4 Rd4 23. Bc2 Rfd8 24. f5 exf5 25. Bxf5 Rd1 26. Bc2 Rxf1+ 27. Kxf1 g6 28. Bf4 Qd7 29. Qe3 Qd5 30. Bb3 Qd3+ 31. Qxd3 Rxd3 32.
Ke2 Rd4 33. g3 c4 34. Bc2 g5 35. Be3 Rd5 36. e6 fxe6 37. Kf3 h6 38. Ke4 Kf7 39. b3 cxb3 40. Bxb3 Rb5 41. Bc4 Ra5 0-1

[Event "Late-Titled-Tuesday-Blitz-May-07-2024"]
[Site "Chess.com"]
[Date "2024.05.07"]
[Round "7"]
[White "kemelgallo"]
[Black "deathadder96"]
[Result "1-0"]
[WhiteElo "2675"]
[BlackElo "2839"]
[TimeControl "180+1"]
[EndTime "15:16:47 PDT"]
[Termination "kemelgallo won by checkmate"]

1. e4 e6 2. d4 d5 3. Nc3 Nf6 4. e5 Nfd7 5. f4 c5 6. Nf3 Nc6 7. Be3 Be7 8. a3 O-O 9. Qd2 a6 10. dxc5 Nxc5 11. Nd4 Nxd4 12. Bxd4 Bd7 13. Be2 b5 14. b4 Nb7 15. O-O f6 16. Qe3 fxe5 17. Bxe5 Nd6 18. Bd3 Rc8 19. Ne2 Nc4 20. Qh3 h6 21.
Qg4 Nxe5 22. fxe5 Qb6+ 23. Kh1 Rxf1+ 24. Rxf1 Rf8 25. Rxf8+ Bxf8 26. Qf4 a5 27. Bg6 Qd8 28.
Nd4 axb4 29. axb4 Qe7 30. c3 Be8 31. Bd3 Qa7 32. Nxe6 Be7 33. h3 Qa1+ 34. Kh2 Qxc3 35. Qg3 Bg6 36. Bxg6 Qxg3+ 37. Kxg3 Bxb4 38. Nc7 Bc3 39. Nxb5 Bxe5+ 40. Kf3 Kf8 41. Ke2 Ke7 42. Bh5 Kf6 43.
Bf3 d4 44. Kd3 Kg5 45. Nxd4 Kf4 46. Ne2+ Kg5 47. Ke4 Bb8 48. Nd4 g6 49. Ne2 h5 50.
Kd5 Kh4 51. Ke6 g5 52. Kf5 Ba7 53. Nc3 Be3 54. Ne4 Bf4 55. Nf6 Bc1 56. Nxh5 Bd2 57. Bg4 Be1 58. Ke4 Bf2 59. Kf3 Be1 60. Ng7 Bg3 61. Nf5# 1-0

[Event "Late-Titled-Tuesday-Blitz-May-07-2024"]
[Site "Chess.com"]
[Date "2024.05.07"]
[Round "7"]
[White "bazar-wokzal"]
[Black "Kirill_Klukin"]
[Result "0-1"]
[WhiteElo "2592"]
[BlackElo "2822"]
[TimeControl "180+1"]
[EndTime "15:16:48 PDT"]
[Termination "Kirill_Klukin won by resignation"]

1. e4 e6 2. d4 d5 3. exd5 exd5 4.
Nf3 Nc6 5. Bd3 Bd6 6. O-O Nge7 7. Re1 O-O 8. c3 Ng6 9. Qc2 Bg4 10. Nbd2 Qf6 11.
h3 Bd7 12. Nf1 h6 13. N3h2 Nf4 14. Bxf4 Qxf4 15. Re3 Rfe8 16. Rae1 Rxe3 17. Rxe3 Re8 18. g3 Qf6 19. Ng4 Qg5 20. Rxe8+ Bxe8 21. f4 Qd8 22. Qe2 Bd7 23. Bc2 Ne7 24. Nfe3 h5 25. Nf2 g6 26. Kg2 Qc8 27. g4 hxg4 28. Nfxg4 Kg7 29. Qf3 c6 30.
Ne5 Be6 31. h4 Nf5 32. Qf2 Nxe3+ 33. Qxe3 Bf5 34. Bxf5 Qxf5 35. Kg3 Qc2 36. h5 gxh5 37. Nf3 Qf5 38. Nh4 Qg4+ 0-1

[Event "Late-Titled-Tuesday-Blitz-May-07-2024"]
[Site "Chess.com"]
[Date "2024.05.07"]
[Round "7"]
[White "Sanan_Sjugirov"]
[Black "KaydenTroffChess"]
[Result "0-1"]
[WhiteElo "3018"]
[BlackElo "2885"]
[TimeControl "180+1"]
[EndTime "15:16:50 PDT"]
[Termination "KaydenTroffChess won on time"]

1. e4 c5 2. Nf3 g6 3. d4 cxd4 4. Nxd4 Bg7 5. c4 Qb6 6. Nb3 a5 7. Be3 Qb4+ 8. Bd2 Qd6 9. Bc3 Qxd1+ 10. Kxd1 Nf6 11. f3 Nc6 12. Na3 d6 13. Nb5 O-O 14. Be2 a4 15. N3d4 Nd7 16. Kc2 Nc5 17. Rad1 Bd7 18.
Nc7 Rac8 19. Nd5 Bxd4 20. Bxd4 Be6 21. Bc3 f5 22. exf5 Rxf5 23. Rhe1 b5 24. cxb5 Bxd5 25. Rxd5 Nb4+ 26. Bxb4 Rxd5 27. Bc3 Ne6 28. Kb1 Nd4 29. Bxd4 Rxd4 30. Bd1 Kf8 31. a3 Rc5 32. Be2 Rd2 33.
Bf1 Rcc2 34. Bd3 Rxb2+ 35. Kc1 Rxg2 36. Re4 Rb3 37. Bc4 Rxa3 38. Kb1 Rxf3 39. b6 Rff2 0-1

[Event "Late-Titled-Tuesday-Blitz-May-07-2024"]
[Site "Chess.com"]
[Date "2024.05.07"]
[Round "7"]
[White "Rodalquilar"]
[Black "Durarbayli"]
[Result "1-0"]
[WhiteElo "2785"]
[BlackElo "2930"]
[TimeControl "180+1"]
[EndTime "15:16:50 PDT"]
[Termination "Rodalquilar won on time"]

1. d4 d5 2. Nf3 Nf6 3. Bf4 c5 4.
e3 Nc6 5. Nbd2 Nh5 6. Be5 f6 7.
Bg3 cxd4 8. exd4 Bg4 9. c3 e6 10. Be2 Nxg3 11. hxg3 Bd6 12. Nh4 Bxe2 13. Qxe2 Kd7 14.
Qg4 Qe7 15. O-O-O g5 16. Nhf3 h6 17. Ne1 Qh7 18. Nb3 Qe4 19. Qh5 Rae8 20. Nd3 Kc8 21.
Rhe1 Qxg2 22. Qf7 Rhf8 23. Qg7 Qh3 24. Nbc5 Bxc5 25. Nxc5 Nd8 26. Qd7+ Kb8 27. Qd6+ Kc8 28. Qd7+ Kb8 29. Qd6+ Kc8 30. Rxe6 Rxe6 31. Qxf8 Re2 32. Qxf6 Qg2 33. Qf5+ Kb8 34. Qd7 1-0

[Event "Late-Titled-Tuesday-Blitz-May-07-2024"]
[Site "Chess.com"]
[Date "2024.05.07"]
[Round "7"]
[White "YouShallNotPass001"]
[Black "manitodeplomo"]
[Result "1-0"]
[WhiteElo "2476"]
[BlackElo "2585"]
[TimeControl "180+1"]
[EndTime "15:16:51 PDT"]
[Termination "YouShallNotPass001 won on time"]

1. e4 Nc6 2. Nf3 d5 3. exd5 Qxd5 4. Nc3 Qa5 5. d4 Nf6 6. Bd2 a6 7. Bc4 Qb6 8. d5 Nd8 9. Be3 Qd6 10. Qe2 e6 11.
O-O-O Qb4 12. Ng5 Be7 13. dxe6 Nxe6 14. Nxe6 Bxe6 15. Bxe6 fxe6 16. a3 Qa5 17. Bf4 Kf7 18. Rhe1 Qf5 19. Bxc7 Rac8 20. Be5 Rhd8 21. Rxd8 Rxd8 22.
Kb1 b5 23. f3 h5 24. Bxf6 Bxf6 25. g4 hxg4 26. fxg4 Qf4 27. Qxe6+ Kg6 28. Ne4 Rd4 29. g5 Rxe4 30. Qxe4+ Qxe4 31. Rxe4 Kxg5 32. h3 Kf5 33.
Rg4 g5 34. b3 Be5 35. c4 bxc4 36. bxc4 Bf4 37. Kc2 Ke4 38. Kb3 1-0

[Event "Late-Titled-Tuesday-Blitz-May-07-2024"]
[Site "Chess.com"]
[Date "2024.05.07"]
[Round "7"]
[White "MusicCityMaster"]
[Black "Revan_2002"]
[Result "0-1"]
[WhiteElo "2478"]
[BlackElo "2737"]
[TimeControl "180+1"]
[EndTime "15:16:55 PDT"]
[Termination "Revan_2002 won by resignation"]

1. e4 e5 2. Nf3 Nc6 3. Bb5 a6 4. Ba4 Nf6 5. O-O Be7 6. Bxc6 dxc6 7. Qe1 Nd7 8. b3 O-O 9. Bb2 Bd6 10. Na3 Re8 11.
Nc4 c5 12. d3 f6 13. Nh4 Nf8 14. Ne3 Ng6 15. Nhf5 Be6 16. g3 Bf8 17. h4 Ne7 18. g4 Nc6 19. f3 Nd4 20. Rd1 g6 21. Ng3 Bh6 22. Rd2 b5 23. Rg2 Kf7 24. Bc1 Bf4 25.
c3 Nc6 26. Qe2 a5 27. h5 a4 28. Nd5 Bxd5 29. exd5 Qxd5 30. Ne4 axb3 31. axb3 Bxc1 32. Rxc1 Qxb3 33. Nxc5 Qd5 34. Ne4 g5 35. h6 Ne7 36.
c4 Qd4+ 37. Kh2 b4 38. Rb1 Ng6 39. Qb2 Qxd3 40. Qxb4 Qxf3 41. c5 Nf4 42. Qc4+ Kg6 43. Re2 Qxe2+ 44. Qxe2 Nxe2 45. Rb7 Ra4 46. Rxc7 Rxe4 47.
c6 Rxg4 48. Rd7 Rc4 49. c7 Rc8 0-1

[Event "Late-Titled-Tuesday-Blitz-May-07-2024"]
[Site "Chess.com"]
[Date "2024.05.07"]
[Round "7"]
[White "djano"]
[Black "Assumpcaos"]
[Result "1-0"]
[WhiteElo "2543"]
[BlackElo "2211"]
[TimeControl "180+1"]
[EndTime "15:16:56 PDT"]
[Termination "djano won by checkmate"]

1. e4 c5 2. Nc3 Nc6 3. f4 d6 4.
Nf3 e6 5. Bb5 Bd7 6. O-O Nf6 7. d3 Be7 8. Qe1 O-O 9. Bxc6 Bxc6 10. Qg3 d5 11. e5 Nh5 12. Qh3 g6 13.
g4 Ng7 14. Qh6 f6 15. Bd2 Rf7 16. exf6 Bxf6 17. Ne5 Bxe5 18. fxe5 Rxf1+ 19. Rxf1 Qc7 20. Bg5 Rf8 21. Bf6 Ne8 22. g5 Rf7 23. Nd1 d4 24. Nf2 Qd7 25. Qh4 Qd5 26. Ne4 Qxa2 27. Nxc5 b6 28.
Ne4 Qxb2 29. Qf2 Qb5 30. Qxd4 Qd5 31. Qc3 Ng7 32. Ra1 a5 33. Rb1 b5 34. Qxa5 Nh5 35. Qd8+ Rf8 36. Qxd5 Bxd5 37. Nc3 Bc6 38. Nxb5 Rc8 39.
Na7 Rc7 40. Rb8+ Kf7 41. Nc8 Bd5 42. Nd6# 1-0

[Event "Late-Titled-Tuesday-Blitz-May-07-2024"]
[Site "Chess.com"]
[Date "2024.05.07"]
[Round "7"]
[White "imdvb6307"]
[Black "KorolDimitriy75"]
[Result "0-1"]
[WhiteElo "2493"]
[BlackElo "2406"]
[TimeControl "180+1"]
[EndTime "15:16:56 PDT"]
[Termination "KorolDimitriy75 won on time"]

1. d4 Nf6 2. Nf3 g6 3. c4 c5 4. Nc3 cxd4 5. Nxd4 Nc6 6. e4 Bg7 7. Be3 O-O 8. f3 d6 9. Qd2 Bd7 10. Be2 Nxd4 11. Bxd4 a5 12. O-O Bc6 13. b3 Nd7 14. Be3 Nc5 15. Rab1 Qb6 16. Rfc1 Rfc8 17. Bf2 Qb4 18. Be3 a4 19. bxa4 Qa5 20. Nd5 Qxd2 21. Bxd2 Bxd5 22. cxd5 Rxa4 23. Rc2 Rca8 24. Bc4 Bd4+ 25.
Kf1 Kg7 26. Bb4 R8a7 27. Ke2 f5 28. exf5 gxf5 29. g4 Kf6 30. h3 Nd7 31. f4 Kf7 32. Be1 Nc5 33. gxf5 Bf6 34. Kf3 Ra3+ 35. Kg4 Ra8 36. Bb3 Rg8+ 37. Kf3 Rg1 38. Rcc1 Rf1+ 39. Ke2 Rxf4 0-1

[Event "Late-Titled-Tuesday-Blitz-May-07-2024"]
[Site "Chess.com"]
[Date "2024.05.07"]
[Round "7"]
[White "CarrotsandPizza"]
[Black "Eloist"]
[Result "0-1"]
[WhiteElo "2573"]
[BlackElo "2429"]
[TimeControl "180+1"]
[EndTime "15:16:57 PDT"]
[Termination "Eloist won by checkmate"]

1. e4 e6 2. d4 d5 3. Nc3 Nf6 4. e5 Nfd7 5. f4 c5 6. Nf3 Nc6 7. Be3 a6 8. Qd2 b5 9. Be2 Qb6 10. Nd1 b4 11. a3 bxa3 12. bxa3 cxd4 13. Nxd4 Bc5 14. c3 O-O 15. O-O a5 16. Nb2 Bxd4 17.
cxd4 Ba6 18. Nd3 Nxd4 19. f5 Nb3 20. Bxb6 Nxd2 21. Rfd1 Nxb6 22. Rxd2 Nc4 23. Rda2 exf5 24.
Nf4 Nxe5 25. Nxd5 Bxe2 26. Ne7+ Kh8 27. Rxe2 f6 28. Nxf5 Rfd8 29. h3 g6 30. Ng3 Rd3 31.
Ne4 Kg7 32. Rc2 Rad8 33. Rc5 R3d5 34. Rc6 Rd1+ 35. Rxd1 Rxd1+ 36. Kh2 Nxc6 37. Nc3 Rc1 38. Nb5 Ra1 39. Kg3 Kf7 40. Kf4 Ke6 41. Ke4 f5+ 42. Kd3 Ra2 43. g3 Rg2 44. Kc4 Rxg3 45. Kc5 Ne5 46. Nd4+ Kf6 47. h4 f4 48. Ne2 Rxa3 49.
Nxf4 Nd3+ 50. Nxd3 Rxd3 51. Kb5 Rh3 52. Kxa5 Rxh4 53.
Kb5 Re4 54. Kc5 Re5+ 55. Kd6 h5 56. Kd7 h4 57. Kd6 h3 58. Kd7 h2 59. Kd6 h1=Q 60.
Kd7 Qd1+ 61. Kc8 Re2 62. Kb7 Rc2 63. Kb8 Qb1+ 64. Ka8 Ra2# 0-1

[Event "Late-Titled-Tuesday-Blitz-May-07-2024"]
[Site "Chess.com"]
[Date "2024.05.07"]
[Round "7"]
[White "MarkusRagger"]
[Black "Annawel"]
[Result "1-0"]
[WhiteElo "2821"]
[BlackElo "2994"]
[TimeControl "180+1"]
[EndTime "15:16:58 PDT"]
[Termination "MarkusRagger won by resignation"]

1. d4 Nf6 2. Nf3 e6 3. c4 d5 4. g3 Bb4+ 5. Bd2 Be7 6. Bg2 O-O 7. O-O Nbd7 8. Qc2 a5 9. Bf4 c6 10. h4 a4 11. a3 Qa5 12. Nbd2 h6 13. e4 b5 14. exd5 cxd5 15. c5 Bb7 16. Ne5 Nxe5 17. Bxe5 Nd7 18. Nf3 b4 19. Qd2 bxa3 20. Qxa5 Rxa5 21.
Rxa3 f6 22. Bf4 e5 23. dxe5 Nxc5 24. exf6 Bxf6 25. Be5 Rb5 26. Rc1 Be7 27. Re3 Ne4 28.
Rc7 Bf6 29. Bxf6 Rxf6 30. Ne5 Rxb2 31. f4 Ra6 32. Ra3 Rb3 33. Rxb3 axb3 34. Rxb7 Ra3 35. Rb8+ Kh7 36. h5 Nf6 37. Ng6 Nxh5 38. f5 Ra1+ 39. Kh2 1-0

[Event "Late-Titled-Tuesday-Blitz-May-07-2024"]
[Site "Chess.com"]
[Date "2024.05.07"]
[Round "7"]
[White "KuzubovYuriy"]
[Black "Arek_pacitan"]
[Result "0-1"]
[WhiteElo "2946"]
[BlackElo "2761"]
[TimeControl "180+1"]
[EndTime "15:17:00 PDT"]
[Termination "Arek_pacitan won on time"]

1. d4 Nf6 2. c4 e6 3. Nf3 d5 4.
Nc3 Be7 5. cxd5 exd5 6. Bf4 c6 7. e3 Bf5 8. Nh4 Be6 9. Qc2 Nbd7 10. Nf3 h6 11. Bd3 O-O 12. O-O Nh5 13. h3 Nxf4 14. exf4 Nf6 15. Rad1 b5 16. Rfe1 Rc8 17. Ne5 a6 18. Qe2 Bd6 19. Bb1 Re8 20. Qd3 b4 21. Na4 Qa5 22. b3 Qb5 23. Qf3 c5 24. f5 Bd7 25.
Nxd7 Qxd7 26. Rxe8+ Qxe8 27. dxc5 Bxc5 28. Nxc5 Rxc5 29.
g3 Rc3 30. Qf4 a5 31. Bd3 Qc6 32. Qd4 Qc5 33. Qxc5 Rxc5 34. f4 Kf8 35. Kf2 Nd7 36. Ke3 Ke7 37. g4 f6 38. h4 Rc3 39. g5 Nc5 40. Kd4 Kd6 0-1

[Event "Late-Titled-Tuesday-Blitz-May-07-2024"]
[Site "Chess.com"]
[Date "2024.05.07"]
[Round "7"]
[White "Mariia89"]
[Black "McCarthyStone"]
[Result "0-1"]
[WhiteElo "2217"]
[BlackElo "2443"]
[TimeControl "180+1"]
[EndTime "15:17:00 PDT"]
[Termination "McCarthyStone won on time"]

1. d4 d5 2. c4 c6 3. e3 Nf6 4. Nc3 g6 5. Nf3 Bg7 6. Be2 O-O 7. O-O a6 8. cxd5 cxd5 9. b4 Bf5 10. a4 Nc6 11. b5 Na5 12. Ba3 Rc8 13. Bb4 Nc4 14.
Rc1 a5 15. Bxc4 axb4 16. Nxd5 Nxd5 17. Qb3 Nb6 18. Qxb4 Nxc4 19. Rxc4 Rxc4 20. Qxc4 Qa5 21. Qb3 Rc8 22. Ng5 e6 23. e4 Bg4 24. h3 Be2 25. Rb1 h6 26. Nxe6 Bc4 27. Qg3 Bxe6 28. d5 Bd7 29.
Qd6 Qc7 30. Qe7 Bf8 31. Qf6 Bg7 32. Qe7 Be5 33. Rd1 Be8 0-1

[Event "Late-Titled-Tuesday-Blitz-May-07-2024"]
[Site "Chess.com"]
[Date "2024.05.07"]
[Round "7"]
[White "Nechitaylo_Nikita"]
[Black "balack95"]
[Result "1-0"]
[WhiteElo "2349"]
[BlackElo "2492"]
[TimeControl "180+1"]
[EndTime "15:17:01 PDT"]
[Termination "Nechitaylo_Nikita won by checkmate"]

1. d4 c5 2. d5 Nf6 3. Nc3 d6 4.
e4 g6 5. Nf3 Bg7 6. Bd3 a6 7.
a4 Qc7 8. h3 c4 9. Be2 Nbd7 10.
O-O Rb8 11. a5 O-O 12. Qd4 b5 13. axb6 Nxb6 14. Qe3 Nfd7 15. Bd2 Ne5 16. Nxe5 dxe5 17. Na4 Nxa4 18. Rxa4 Rxb2 19. Rxc4 Qb8 20. Bc3 Rb5 21. Rc6 Rb1 22. Bxa6 Bxa6 23. Rxa6 Rxf1+ 24. Kxf1 Qb1+ 25. Be1 Qxc2 26. Ra7 Bf6 27. Kg1 Qd1 28. Kh2 Rb8 29.
Bd2 Qb3 30. Ra8 Qb7 31. Ra7 Qb1 32. Ba5 Kg7 33. Bd2 Qc2 34. d6 exd6 35. Rd7 Qc6 36. Qh6+ Kg8 37. Ra7 Bg7 38. Qe3 Re8 39. Qf3 Bf8 40.
Qxf7+ Kh8 41. Qxh7# 1-0

[Event "Late-Titled-Tuesday-Blitz-May-07-2024"]
[Site "Chess.com"]
[Date "2024.05.07"]
[Round "7"]
[White "crescentmoon2411"]
[Black "Lennis93"]
[Result "1-0"]
[WhiteElo "2884"]
[BlackElo "2732"]
[TimeControl "180+1"]
[EndTime "15:17:02 PDT"]
[Termination "crescentmoon2411 won by checkmate"]

1. d4 Nf6 2. c4 e6 3. Nc3 d5 4. cxd5 exd5 5. Bg5 c6 6. e3 h6 7. Bh4 Bf5 8. Qf3 Bg6 9. Bxf6 gxf6 10. Nh3 Bb4 11. Rc1 Nd7 12. Nf4 Be4 13. Qd1 Qa5 14.
Bd3 Qxa2 15. O-O Bxc3 16. Bxe4 Bxb2 17. Qc2 dxe4 18. Rb1 f5 19. Rxb2 Qa6 20. Rfb1 Nb6 21. Qc5 O-O-O 22. Qxf5+ Rd7 23. Qxe4 Nc4 24. Rc2 Nd6 25.
Qe5 Re8 26. Qc5 Ne4 27. Qb4 Rc7 28. h4 Nf6 29. Qb2 Qa5 30. Ra1 Qf5 31. Rxa7 Qg4 32. Rc1 Qxh4 33. d5 Ng4 34. Ra8+ Kd7 35. dxc6+ bxc6 36. Rd1+ Ke7 37. Rxe8+ Kxe8 38. Qh8+ Ke7 39.
Qd8# 1-0

[Event "Late-Titled-Tuesday-Blitz-May-07-2024"]
[Site "Chess.com"]
[Date "2024.05.07"]
[Round "7"]
[White "SergioMoralesG"]
[Black "Olkaa"]
[Result "1-0"]
[WhiteElo "2483"]
[BlackElo "2606"]
[TimeControl "180+1"]
[EndTime "15:17:04 PDT"]
[Termination "SergioMoralesG won by checkmate"]

1. d4 Nf6 2. c4 c5 3. d5 b5 4.
cxb5 a6 5. bxa6 g6 6. Nc3 Bg7 7. e4 O-O 8. Nf3 Qa5 9. e5 Ne4 10. Bd2 Nxd2 11. Qxd2 d6 12. Be2 dxe5 13. O-O Nxa6 14.
Rfe1 f5 15. Bxa6 Qxa6 16. Nxe5 Bb7 17. Nd7 Qd6 18. Nxf8 Rxf8 19. Re6 Qd7 20. Rae1 Rf7 21. d6 Bf8 22. Nd5 Bxd5 23. Qxd5 exd6 24. h4 Kg7 25. b3 Qa7 26. a4 Be7 27. g3 Qc7 28. Qc4 Bf8 29.
h5 gxh5 30. Qh4 Kg8 31. Qxh5 f4 32. g4 f3 33. Re8 c4 34. Qg5+ Rg7 35. Qd5+ Rf7 36.
bxc4 Qd7 37. R1e4 Qxa4 38. Qg5+ Kh8 39. R4e7 Qd1+ 40. Kh2 Qf1 41. Rxf8+ Rxf8 42. Qg7# 1-0

[Event "Late-Titled-Tuesday-Blitz-May-07-2024"]
[Site "Chess.com"]
[Date "2024.05.07"]
[Round "7"]
[White "Albertu"]
[Black "Iuckyducky"]
[Result "1-0"]
[WhiteElo "2552"]
[BlackElo "2271"]
[TimeControl "180+1"]
[EndTime "15:17:04 PDT"]
[Termination "Albertu won on time"]

1. e4 c6 2. d4 d5 3. Nc3 dxe4 4. Nxe4 Nf6 5. Nxf6+ exf6 6. c3 Bd6 7. Bd3 O-O 8. Qc2 h5 9. Ne2 h4 10. h3 Re8 11.
O-O Be6 12. c4 Nd7 13. Kh1 Nf8 14. f4 f5 15. Ng1 g6 16. Nf3 Nh7 17. Qf2 Be7 18.
b3 Bf6 19. Bb2 Qe7 20. Rae1 Rad8 21. Bb1 Qc7 22. Ne5 Kg7 23. Re3 Rh8 24. Rfe1 Nf8 25.
Qf3 Rh5 26. Rd3 Nd7 27. d5 cxd5 28. cxd5 Nc5 29. dxe6 Nxd3 30. Bxd3 fxe6 31. Bc4 Qb6 32. Qe2 Rhh8 33. Nf3 Rhe8 34. Bxf6+ Kxf6 35. Qb2+ Kf7 36. Ng5+ 1-0

[Event "Late-Titled-Tuesday-Blitz-May-07-2024"]
[Site "Chess.com"]
[Date "2024.05.07"]
[Round "7"]
[White "Nf3c5"]
[Black "bascheyaro"]
[Result "1-0"]
[WhiteElo "2639"]
[BlackElo "2817"]
[TimeControl "180+1"]
[EndTime "15:17:05 PDT"]
[Termination "Nf3c5 won on time"]

1. e4 e6 2. d4 d5 3. Nd2 c5 4.
exd5 exd5 5. Ngf3 Nc6 6. Bb5 c4 7. O-O Bd6 8. b3 cxb3 9. axb3 Ne7 10. Re1 O-O 11. c3 Bf5 12. b4 a6 13. Bf1 Rc8 14. Nb3 Nxb4 15. cxb4 Bc2 16. Qd2 Bxb3 17. Bd3 Bc4 18. Bc2 Qc7 19. Qg5 Rfe8 20. Bxh7+ Kxh7 21. Qh5+ Kg8 22. Ng5 Ng6 23. Qh7+ Kf8 24. Be3 Bf4 25. Qh5 Bxg5 26. Bxg5 Rxe1+ 27. Rxe1 Re8 28. Rc1 Kg8 29. h4 Qd6 30. Qf3 Qxb4 31. h5 Re1+ 32. Kh2 Qd6+ 33.
g3 Rxc1 34. hxg6 Re1 35. Qxf7+ Kh8 36. Qf5 Bf1 37. Qc8+ 1-0

[Event "Late-Titled-Tuesday-Blitz-May-07-2024"]
[Site "Chess.com"]
[Date "2024.05.07"]
[Round "7"]
[White "WPWPWP-2015"]
[Black "simaopdias"]
[Result "1-0"]
[WhiteElo "2434"]
[BlackElo "2297"]
[TimeControl "180+1"]
[EndTime "15:17:07 PDT"]
[Termination "WPWPWP-2015 won by resignation"]

1. e4 c5 2. Nf3 g6 3. Nc3 Bg7 4. Bc4 Nc6 5. O-O d6 6. d3 Nf6 7. Bg5 O-O 8. Qd2 Bg4 9. Ne1 Ne5 10. Bb3 a5 11. a4 Re8 12. f4 Nc6 13.
f5 Qb6 14. Kh1 Nd4 15. h3 Nxb3 16. cxb3 Bh5 17. g4 Qxb3 18. gxh5 Nxh5 19. Rg1 Bd4 20. Rg4 Kh8 21. Nf3 Bg7 22. Rag1 e6 23. Rh4 exf5 24. exf5 Nf6 25. fxg6 fxg6 26. Bh6 Qg8 27.
Ng5 Re7 28. Bxg7+ Qxg7 29. Qf4 d5 30. Qd6 d4 31. Nce4 Nxe4 32. Nxe4 c4 33. Rxg6 Qf7 34. Rf6 Qg7 35. Ng5 Qxg5 36. Qxe7 Qc1+ 37. Kg2 Rg8+ 38. Rg4 Qd2+ 39. Rf2 Rxg4+ 40. hxg4 Qh6 41. Rf8+ 1-0

[Event "Late-Titled-Tuesday-Blitz-May-07-2024"]
[Site "Chess.com"]
[Date "2024.05.07"]
[Round "7"]
[White "Andrii_Prydun"]
[Black "ChEsper99"]
[Result "0-1"]
[WhiteElo "2408"]
[BlackElo "2307"]
[TimeControl "180+1"]
[EndTime "15:17:07 PDT"]
[Termination "ChEsper99 won on time"]

1. e4 c6 2. d4 d5 3. e5 Bf5 4. Bd3 Bxd3 5. cxd3 e6 6. Nc3 Ne7 7. Nf3 Nf5 8. Ne2 Be7 9. O-O O-O 10. Rb1 a5 11. g3 Nd7 12. h4 f6 13. Kg2 fxe5 14. dxe5 c5 15. Nf4 Qb6 16. Re1 d4 17. Re4 Qc6 18. Qb3 Ra6 19. Bd2 a4 20. Qc2 Rc8 21. Rh1 Nf8 22. g4 Nh6 23. Kg3 b5 24. Nh5 Nf7 25. Ng5 Nxg5 26. hxg5 Ra7 27. Qc1 Rd7 28. b3 axb3 29. axb3 Ra8 30. Qc2 Qa6 31. Kf4 Qa2 32. Rc1 Ng6+ 33. Kg3 Ra3 34. f4 Qxb3 35. f5 Qxd3+ 0-1

[Event "Late-Titled-Tuesday-Blitz-May-07-2024"]
[Site "Chess.com"]
[Date "2024.05.07"]
[Round "7"]
[White "scandalgod"]
[Black "NMJeevanK"]
[Result "0-1"]
[WhiteElo "2531"]
[BlackElo "2765"]
[TimeControl "180+1"]
[EndTime "15:17:08 PDT"]
[Termination "NMJeevanK won by resignation"]

1. d4 g6 2. c4 d6 3. Nc3 Bg7 4. e4 e5 5. Be3 Nc6 6. d5 Nce7 7. Nf3 f5 8. Bd3 Nf6 9. O-O O-O 10. Rc1 Ng4 11. Bg5 h6 12. Bd2 f4 13. c5 g5 14.
cxd6 cxd6 15. Nb5 Nf6 16. Nc7 Rb8 17. Bb4 g4 18. Nh4 h5 19. Ne6 Bxe6 20. dxe6 Qb6 21. Qb3 g3 22. Be1 gxh2+ 23. Kxh2 Ng4+ 24. Kg1 Qxb3 25. axb3 Nc6 26. Bc4 Kh7 27. Nf5 Nd4 28.
Nxd6 Rf6 29. Bc3 Nxe6 30. Nf5 Nd4 31. Nxd4 exd4 32. Bxd4 Rg6 33. Bxg7 Rxg7 34. Rfd1 Re8 35. Re1 Ne5 36. Bd5 Nf3+ 37. Kf1 Nxe1 38. Rxe1 Rc7 39. Ke2 Rc5 40. Kf3 Rxd5 41. Kxf4 Rd2 42. f3 Rxb2 43.
e5 Rxb3 44. e6 Rb5 0-1

[Event "Late-Titled-Tuesday-Blitz-May-07-2024"]
[Site "Chess.com"]
[Date "2024.05.07"]
[Round "7"]
[White "Alexei_Gubajdullin"]
[Black "cristianserban1"]
[Result "0-1"]
[WhiteElo "2548"]
[BlackElo "2643"]
[TimeControl "180+1"]
[EndTime "15:17:09 PDT"]
[Termination "cristianserban1 won by resignation"]

1. d4 Nf6 2. Nf3 d5 3. Bf4 c5 4. e3 Nc6 5. Nbd2 e6 6. c3 Nh5 7.
Bg5 f6 8. Bh4 g6 9. Bd3 cxd4 10.
cxd4 Bd6 11. g4 Ng7 12. Bg3 e5 13. dxe5 fxe5 14. e4 O-O 15. exd5 Nb4 16. Be4 Bxg4 17. Qb3 Na6 18. Nxe5 Nc5 19. Qe3 Bf5 20. O-O Bxe4 21. Nxe4 Nf5 22. Qe1 Bxe5 23. Bxe5 Nd3 24. Qc3 Qxd5 25.
Nf6+ Rxf6 26. Bxf6 Nf4 27. f3 Ne2+ 28. Kh1 Nxc3 29.
Bxc3 Ne3 30. Rf2 Rf8 31. Re1 Rxf3 32. Kg1 Rxf2 33. Kxf2 Ng4+ 34. Kg3 Nh6 35. Re8+ Kf7 36. Rh8 Nf5+ 37. Kf4 Qd6+ 38. Kg5 Qe7+ 39. Kf4 Qh4+ 40.
Kf3 Qh3+ 41. Ke4 Qxh2 42. Be5 Qe2+ 43. Kd5 Qd3+ 44. Kc5 Qe3+ 45. Kd5 h5 46. Rh7+ Kg8 47. Rd7 Qd3+ 48. Ke6 Qc4+ 49. Kf6 Qc6+ 50. Rd6 Nxd6 51.
Bxd6 Qxd6+ 52. Kg5 Qe5+ 0-1

[Event "Late-Titled-Tuesday-Blitz-May-07-2024"]
[Site "Chess.com"]
[Date "2024.05.07"]
[Round "7"]
[White "chess_sharparchitect"]
[Black "FredddieCroderg"]
[Result "1-0"]
[WhiteElo "2295"]
[BlackElo "2400"]
[TimeControl "180+1"]
[EndTime "15:17:09 PDT"]
[Termination "chess_sharparchitect won by checkmate"]

1. c4 a5 2. Nc3 Na6 3. Nf3 d6 4. d4 f6 5. e4 e5 6. Be2 Be6 7. Be3 Nh6 8. h3 Nf7 9. Qd2 g6 10. O-O Bg7 11. Nd5 c6 12. Nc3 Qe7 13. d5 cxd5 14.
Nxd5 Bxd5 15. Qxd5 O-O 16. Rfd1 Nc7 17. Qd2 Ne6 18.
b3 a4 19. b4 a3 20. Rac1 Kh8 21. c5 dxc5 22. bxc5 Rfd8 23. Qb4 Rxd1+ 24. Bxd1 Nfd8 25. Bb3 Nc6 26. Qc4 Re8 27. Rd1 Nc7 28. Qa4 Ra8 29. Qc4 Na5 30. Qc3 Nxb3 31. Qxb3 Ne6 32. Rd6 Rd8 33.
Qxe6 Qxe6 34. Rxe6 Rd1+ 35. Kh2 Kg8 36. Re8+ Kf7 37.
Ra8 Ra1 38. Rxa3 Bf8 39. Ra7 Ke6 40. Rxb7 Rxa2 41. Rxh7 f5 42. Ng5+ Kf6 43. Rf7# 1-0